 Dungeon Crawl Stone Soup version 0.22.0-60-ga52c2fc (webtiles) character file.

1145 Starchild the Bolt Thrower (level 8, -6/43 HPs)
             Began as a Kobold Arcane Marksman on Sept 10, 2018.
             Was an Initiate of Okawaru.
             Mangled by a water moccasin (7 damage)
             ... on level 7 of the Dungeon.
             The game lasted 00:32:49 (5077 turns).

Starchild the Bolt Thrower (Kobold Arcane Marksman) Turns: 5077, Time: 00:32:50

Health: -6/43      AC:  3    Str:  8    XL:     8   Next: 64%
Magic:  9/9        EV: 14    Int: 16    God:    Okawaru [......]
Gold:   206        SH:  0    Dex: 17    Spells: 3/9 levels left

rFire    . . .     SeeInvis .   e - +2 dagger (flame)
rCold    . . .     Gourm    .   (shield restricted)
rNeg     . . .     Faith    .   y - +0 leather armour {MR+}
rPois    .         Spirit   .   (no helmet)
rElec    .         Reflect  .   (no cloak)
rCorr    .         Harm     .   (no gloves)
MR       +....                  (no boots)
Stlth    +.........             v - amulet of regeneration
HPRegen  0.54/turn              g - ring of wizardry
MPRegen  0.11/turn              w - +2 ring of dexterity

@: lethally poisoned (-6 -> -13)
A: small, carnivore
a: Renounce Religion


You were on level 7 of the Dungeon.
You worshipped Okawaru.
Okawaru was noncommittal.
You were not hungry.

You visited 1 branch of the dungeon, and saw 7 of its levels.

You collected 206 gold pieces.

Inventory:

Hand Weapons
 a - a +0 hand crossbow
 e - a +2 dagger of flaming (weapon)
 i - a +0 dagger
 o - a +2 vampiric dagger
Missiles
 d - 20 bolts
 h - 179 stones (quivered)
 q - 4 tomahawks
Armour
 y - a +0 leather armour of magic resistance (worn)
Jewellery
 g - a ring of wizardry (left hand)
 p - a cursed ring of teleportation {unknown}
 v - an amulet of regeneration (around neck)
 w - a +2 ring of dexterity (right hand)
Scrolls
 b - 3 scrolls of remove curse
 c - a scroll of fog {unknown}
 k - a scroll of teleportation
 l - a scroll of fear {unknown}
 n - a scroll of enchant weapon {unknown}
 t - a scroll of noise {unknown}
 z - a scroll of magic mapping {unknown}
Potions
 j - 3 potions of flight
 m - 2 potions of might
 r - a potion of brilliance
Comestibles
 f - 7 rations


   Skills:
 - Level 1.1 Fighting
 + Level 5.6 Short Blades
 + Level 7.6 Crossbows
 - Level 2.4 Dodging
 - Level 1.1 Spellcasting
 - Level 6.8 Hexes


You had 3 spell levels left.
You knew the following spells:

 Your Spells              Type           Power        Failure   Level  Hunger
a - Corona                Hex            ###....      1%          1    ##.....
b - Slow                  Hex            ###.....     1%          2    ###....
c - Inner Flame           Hex/Fire       ##......     10%         3    ####...

Your spell library contained the following spells:

 Spells                   Type           Power        Failure   Level  Hunger
 Portal Projectile        Hex/Tloc       ##....       10%         3    ####...
 Cause Fear               Hex            ###.......   9%          4    #####..
 Leda's Liquefaction      Hex/Erth       ##........   32%         4    #####..


Dungeon Overview and Level Annotations

Branches:
Dungeon (7/15)
 Temple: D:4-7

Altars:
Okawaru
Qazlal
Uskayaw
The Shining One

Annotations:
D:5 2 transporters, sefi's ghost, novice DsGl


Innate Abilities, Weirdness & Mutations

You are small and have problems with some larger weapons.
You are carnivorous and can eat meat at any time.


Message History

* * * LOW HITPOINT WARNING * * *
You feel sick. The water moccasin bites you!
* * * LOW HITPOINT WARNING * * *
It was a potion of cancellation.
Your magical effects are unravelling.
You feel magically purged.
You feel less invigorated.
You feel less confused.
* * * LOW HITPOINT WARNING * * *
You feel sick.
The water moccasin bites you but does no damage.
The water moccasin completely misses you.
You hit the water moccasin. You burn the water moccasin.
The water moccasin is severely wounded.
* * * LOW HITPOINT WARNING * * *
You feel sick. The water moccasin closely misses you.
You barely miss the water moccasin.
The water moccasin is severely wounded.
* * * LOW HITPOINT WARNING * * *
You feel sick. The water moccasin bites you!
You die...

#.# #.#
#.# ##
#.# ..
#.# (#
#.# .#
#.# .#
#.#####.#
#....@S.#
#########


You could see a water moccasin.

Vanquished Creatures
  A hungry ghost (D:6)
  An ice beast (D:6)
  A phantom (D:5)
  2 centaurs
  A big kobold (D:7)
  A scorpion (D:5)
  3 hounds
  An orc priest (D:2)
  3 orc wizards
  A bullfrog skeleton (D:5)
  An iguana (D:5)
  2 worker ants
  A hound skeleton (D:5)
  5 gnolls
  8 adders
  A worm (D:2)
  2 dart slugs (D:1)
  A leopard gecko (D:3)
  14 orcs
  12 bats
  5 giant cockroaches
  10 goblins
  12 hobgoblins
  5 jackals
  3 quokkas
  5 frilled lizards
  16 kobolds
  A quokka zombie (D:5)
  4 rats
123 creatures vanquished.

Notes
Turn   | Place    | Note
-------+----------+-------------------------------------------
     0 | D:1      | Starchild the Kobold Arcane Marksman began the quest for
                  | the Orb.
     0 | D:1      | Reached XP level 1. HP: 12/12 MP: 2/2
    72 | D:1      | Reached skill level 3 in Crossbows
    92 | D:1      | Reached XP level 2. HP: 11/16 MP: 3/3
   132 | D:1      | Learned a level 2 spell: Slow
   311 | D:1      | Reached skill level 4 in Crossbows
   311 | D:1      | Reached XP level 3. HP: 20/20 MP: 4/4
   507 | D:1      | Found a glowing golden altar of the Shining One.
  1370 | D:2      | Reached skill level 5 in Crossbows
  1370 | D:2      | Reached XP level 4. HP: 25/25 MP: 0/5
  1459 | D:2      | Reached skill level 1 in Short Blades
  1979 | D:2      | Reached XP level 5. HP: 6/29 MP: 6/6
  2708 | D:3      | Found a hide-covered altar of Uskayaw.
  2709 | D:3      | Found a glowing golden altar of the Shining One.
  2711 | D:3      | Found a stormy altar of Qazlal.
  2795 | D:3      | Learned a level 3 spell: Inner Flame
  3080 | D:3      | Reached XP level 6. HP: 34/34 MP: 7/7
  3091 | D:3      | Reached skill level 5 in Short Blades
  3548 | D:5      | Entered Level 5 of the Dungeon
  3674 | D:5      | Reached XP level 7. HP: 27/38 MP: 8/8
  3731 | D:5      | Reached skill level 5 in Hexes
  4251 | D:5      | Found an iron altar of Okawaru.
  4259 | D:5      | Became a worshipper of Warmaster Okawaru
  4312 | D:5      | Reached XP level 8. HP: 11/43 MP: 5/9
  4373 | D:5      | Found a transporter.
  4379 | D:5      | Noticed sefi's ghost (novice DsGl)
  4408 | D:5      | Found a transporter.
  4784 | D:6      | Reached skill level 6 in Crossbows
  4843 | D:6      | Reached skill level 7 in Crossbows
  5074 | D:7      | HP: 1/43 [water moccasin (7)]
  5077 | D:7      | Mangled by a water moccasin

Skill      XL: |  1  2  3  4  5  6  7  8 |
---------------+-------------------------+-----
Crossbows      | 3 4 5 7 |  7.6
Short Blades   | 3 4 5 |  5.6
Hexes          | 4 6 |  6.8
Fighting       | |  1.1
Dodging        | |  2.4
Spellcasting   | |  1.1

Action                   |  1- 3 |  4- 6 |  7- 9 || total
-------------------------+-------+-------+-------++-------
Melee: Dagger            |    45 |    35 |   194 ||   274
 Fire: Hand crossbow     |    72 |   143 |    76 ||   291
 Cast: Corona            |     5 |     1 |     8 ||    14
       Slow              |     2 |     2 |     9 ||    13
  Use: Scroll            |     2 |     5 |     1 ||     8
       Potion            |       |     1 |    10 ||    11
 Stab: Sleeping          |     2 |     1 |       ||     3
  Eat: Chunk             |     1 |    15 |    12 ||    28
       Ration            |       |     1 |     1 ||     2
Armor: Robe              |    12 |    13 |     2 ||    27
       Leather armour    |       |       |    35 ||    35
Dodge: Dodged            |    85 |    94 |   108 ||   287
